 Dungeon Crawl Stone Soup version 0.25.1-8-g42b30a86e7 (webtiles) character file.

Game seed: 11340955077481956908

42 Clowwww the Skirmisher (level 3, -3/33 HPs)
             Began as a Hill Orc Fighter on Dec 6, 2020.
             Slain by an ogre
             ... wielding a +0 giant club
              (7 damage)
             ... on level 2 of the Dungeon.
             The game lasted 00:01:58 (859 turns).

Clowwww the Skirmisher (Hill Orc Fighter)            Turns: 859, Time: 00:01:59

Health: -3/33      AC: 10    Str: 19    XL:     3   Next: 54%
Magic:  3/3        EV:  7    Int:  8    God:
Gold:   99         SH:  9    Dex: 10    Spells: 2/2 levels left

rFire    . . .     SeeInvis .   a - +0 war axe
rCold    . . .     Gourm    .   c - +0 kite shield
rNeg     . . .     Faith    .   b - +0 scale mail
rPois    .         Spirit   .   k - +2 helmet
rElec    .         Reflect  .   (no cloak)
rCorr    .         Harm     .   (no gloves)
MR       .....                  (no boots)
Stlth    +.........             j - amulet of magic regeneration
HPRegen  0.11/turn              l - ring of stealth
MPRegen  0.33/turn              (no ring)

@: no status effects
A: no striking features
a: no special abilities


You were on level 2 of the Dungeon.
You were not hungry.

You visited 1 branch of the dungeon, and saw 2 of its levels.

You collected 99 gold pieces.

Inventory:

Hand Weapons
 a - a +0 war axe (weapon)
Armour
 b - a +0 scale mail (worn)
 c - a +0 kite shield (worn)
 k - a +2 helmet (worn)
Jewellery
 j - an amulet of magic regeneration (around neck)
 l - a ring of stealth (left hand)
Scrolls
 e - 4 scrolls of identify {unknown}
 m - 3 scrolls of enchant weapon {unknown}
 o - 2 scrolls of remove curse {unknown}
 p - 2 scrolls of teleportation {unknown}
Potions
 d - a potion of might
 g - a potion of curing {unknown}
 h - a potion of berserk rage {unknown}
 n - a potion of degeneration {unknown}
 q - a potion of heal wounds {unknown}
Comestibles
 f - 2 rations
 i - 6 chunks of flesh


   Skills:
 + Level 4.0 Fighting
 + Level 3.5 Axes
 + Level 3.7 Armour
 + Level 0.1 Dodging
 + Level 3.7 Shields


You had 2 spell levels left.
You didn't know any spells.
Your spell library was empty.

Dungeon Overview and Level Annotations

Branches:
Dungeon (2/15)

Altars:


Message History

Found a stone staircase leading down.
As you open the door, it creaks loudly!
An ogre comes into view. It is wielding a +0 giant club.
The ogre shouts!
An adder comes into view.
The ogre moves out of view.
Found 23 gold pieces.
An adder is nearby!
The adder hisses angrily.
There is an open door here.
The ogre hits you with a +0 giant club.
You barely miss the ogre. You slash the adder! The adder closely misses you.
The ogre hits you with a +0 giant club!!
Ouch! That really hurt!
* * * LOW HITPOINT WARNING * * *
The adder bites you but does no damage.
You slash the ogre!
The ogre is heavily wounded.
You completely miss the adder. The ogre hits you with a +0 giant club!
You die...

#.........#
#.#########
#.#
#######+####.#
...........#.#
.............#
...........#.#
######'####.#
#.@.# #.#
#..OS.##.#
#...$...#.#
#.......#.#
#...$...#.#
##.^...##
##...## #####


You could see an ogre and an adder.

Vanquished Creatures
  Jessica (D:2)
  A leopard gecko (D:1)
  3 bats (D:1)
  2 giant cockroaches (D:1)
  4 hobgoblins
  4 rats
15 creatures vanquished.

Notes
Turn   | Place    | Note
-------+----------+-------------------------------------------
     0 | D:1      | Clowwww the Hill Orc Fighter began the quest for the Orb.
     0 | D:1      | Reached XP level 1. HP: 19/19 MP: 1/1
   271 | D:1      | Reached XP level 2. HP: 23/27 MP: 2/2
   683 | D:2      | Noticed Jessica
   689 | D:2      | Killed Jessica
   689 | D:2      | Reached skill level 4 in Fighting
   689 | D:2      | Reached XP level 3. HP: 33/33 MP: 3/3
   855 | D:2      | Noticed an ogre
   859 | D:2      | Slain by an ogre

Illustrated notes

Levels and vault maps discovered:
D:1:      giann_forest_graveyard, layout_rooms, serial_curves, eino_curves_04,
          eino_curves_01, serial_park_tiny_pond, minmay_heptomino_h4
D:2:      kennysheep_six_static_rooms, layout_basic, lemuel_round_altar,
          serial_undead, serial_undead_a, serial_undead_c, serial_undead_b,
          serial_undead_e, minmay_rat_hole, uniq_jessica, uniq_terence

Skill      XL: |  1  2 |
---------------+-------+-----
Axes           | 3 |  3.5
Fighting       | 4 |  4.0
Armour         | |  3.7
Dodging        | |  0.1
Shields        | |  3.7

Action                   || total
-------------------------++-------
Melee: War axe           ||    55
Armor: Scale mail        ||    26
Dodge: Dodged            ||    24
Block: Kite shield       ||    35
